 Dungeon Crawl Stone Soup version 0.23.2-30-g0e89c35 (webtiles) character file.

Game seed: 6772980885050453059

6346 robbits the Cleaver (level 10, -2/97 HPs)
             Began as a Gnoll Berserker on June 13, 2019.
             Was a High Priest of Trog.
             Slain by a wolf (7 damage)
             ... on level 9 of the Dungeon.
             The game lasted 00:20:20 (9738 turns).

robbits the Cleaver (Gnoll Berserker)               Turns: 9738, Time: 00:20:21

Health: -2/97      AC: 11    Str: 28    XL:     10   Next: 96%
Magic:  18/18      EV: 16    Int: 10    God:    Trog [*****.]
Gold:   507        SH:  0    Dex: 17    Spells: 20/20 levels left

rFire    + . .     SeeInvis .   a - +4 flail (holy)
rCold    . . .     Gourm    .   (no shield)
rNeg     . . .     Faith    .   F - +0 ring mail
rPois    .         Spirit   .   (no helmet)
rElec    .         Reflect  .   (no cloak)
rCorr    .         Harm     .   N - +2 pair of gloves {Dex+3}
MR       +....                  h - +0 pair of boots
Stlth    +++.......             M - amulet of Vitality {Regen+ HP+15}
HPRegen  0.66/turn              z - ring of protection from fire
MPRegen  0.16/turn              w - ring of protection from magic

@: mighty, berserk cooldown, hasted and slowed
A: distributed training, fangs 1, strong nose
a: Berserk, Trog's Hand, Brothers in Arms, Renounce Religion


You were on level 9 of the Dungeon.
You worshipped Trog.
Trog was extremely pleased with you.
You were near starving.

You visited 1 branch of the dungeon, and saw 9 of its levels.
You also visited: Ossuary.

You collected 639 gold pieces.
You spent 132 gold pieces at shops.

Inventory:

Hand Weapons
 a - a +4 flail of holy wrath (weapon)
 q - a +1 quarterstaff of holy wrath
 B - a +0 blowgun
Missiles
 s - 8 exploding tomahawks (quivered)
 x - a throwing net
 C - 5 curare-tipped needles
Armour
 b - a +0 animal skin
 h - a +0 pair of boots (worn)
 F - a +0 ring mail (worn)
 N - a +2 pair of gloves of dexterity (worn)
Jewellery
 g - an uncursed ring of resist corrosion
 r - an uncursed ring of ice
 w - a ring of protection from magic (right hand)
 z - a ring of protection from fire (left hand)
 G - an uncursed ring of magical power
 L - an uncursed ring of ice
 M - the amulet of Vitality (around neck) {Regen+ HP+15}
   (You found it on level 8 of the Dungeon)

   [amulet of regeneration]

   It affects your health (+15).
   It increases your rate of regeneration.
Wands
 e - a wand of polymorph (9)
 t - a wand of random effects (16)
 D - a wand of flame (9)
 I - a wand of paralysis (7)
Scrolls
 j - 4 scrolls of identify
 m - a scroll of vulnerability
 u - 3 scrolls of teleportation
 J - a scroll of summoning
Potions
 d - 2 potions of lignification
 f - 2 potions of cancellation
 i - a potion of magic
 k - a potion of brilliance
 l - 2 potions of resistance
 n - a potion of flight
 o - a potion of might
 p - 2 potions of haste
 v - 2 potions of agility
Comestibles
 c - 8 rations


   Skills:
 + Level 8.7 Fighting
 + Level 5.6 Short Blades
 + Level 5.6 Long Blades
 + Level 8.7 Axes
 + Level 5.6 Maces & Flails
 + Level 5.6 Polearms
 + Level 5.6 Staves
 + Level 5.6 Slings
 + Level 5.6 Bows
 + Level 5.6 Crossbows
 + Level 5.6 Throwing
 + Level 7.3 Armour
 + Level 7.3 Dodging
 + Level 5.6 Stealth
 + Level 5.6 Shields
 + Level 5.6 Unarmed Combat
 + Level 5.6 Spellcasting
 + Level 4.6 Conjurations
 + Level 4.6 Hexes
 + Level 4.6 Charms
 + Level 4.6 Summonings
 + Level 4.6 Necromancy
 + Level 4.6 Translocations
 + Level 4.6 Transmutations
 + Level 4.6 Fire Magic
 + Level 4.6 Ice Magic
 + Level 4.6 Air Magic
 + Level 4.6 Earth Magic
 + Level 4.6 Poison Magic
 + Level 6.2 Invocations
 + Level 5.6 Evocations


You had 20 spell levels left.
You didn't know any spells.
Your spell library was empty.

Dungeon Overview and Level Annotations

Branches:
Dungeon (9/15)             Temple (0/1) D:7
   Lair: D:8-11         Orc: D:9-12

Altars:
Cheibriados
Dithmenos
Elyvilon
Kikubaaqudgha
Makhleb
Okawaru
Qazlal
Trog

Shops:
D:6 =   D:7 *

Annotations:
D:6 exclusion: upstairs


Innate Abilities, Weirdness & Mutations

Your experience applies equally to all skills.
You have very sharp teeth.
Your uncanny sense of smell can sniff out nearby items.


Message History

The troll claws you but does no damage.
You closely miss the troll. You bite the troll, but do no damage.
The troll is moderately wounded.
The troll bites you but does no damage. The troll closely misses you.
The troll claws you but does no damage.
You hit the troll.
The troll is moderately wounded.
The troll completely misses you. The troll closely misses you.
The troll claws you.
* * * LOW HITPOINT WARNING * * *
The troll completely misses you. The troll barely misses you. x2
You feel very mighty all of a sudden. The troll barely misses you.
The troll claws you!
* * * LOW HITPOINT WARNING * * *
The troll misses you.
You bludgeon the troll!! You bite the troll!
You kill the troll!
Trog accepts your kill.
You fail to use your ability.
The wolf bites you!
You die...

#.# ##.# ##..# #..##
#.## ###'####
#......###
#Z.....'.#####
+.....$#.†@h5#
#......#####..>....
.......h.;...........
.≈≈...;.≈≈......≈....
....≈..≈≈h.≈≈..;§≈....
....≈≈≈≈≈≈≈≈≈≈≈;≈≈≈...
.≈.≈≈≈≈≈..≈≈≈≈;≈≈≈≈..
...≈≈≈..≈...≈≈;≈.....
≈≈.≈;≈hZ.h.≈≈≈≈


You could see a wolf and a crimson imp.

Vanquished Creatures
  A hydra (D:8)
  A cyclops (D:8)
  Maurice (D:8)
  A troll (D:9)
  A hornet (D:8)
  2 hippogriffs (D:8)
  A spriggan (D:7)
  A hungry ghost (D:8)
  Edmund (D:6)
  2 water moccasins
  An orc warrior (D:8)
  2 phantoms (D:6)
  An ice beast (D:6)
  3 ogres
  2 sky beasts
  6 centaurs
  2 wolves (D:9)
  2 bullfrogs
  2 big kobolds
  7 elf zombies (Ossuary)
  2 scorpions (D:8)
  A crimson imp (D:8)
  A bullfrog zombie (D:5)
  2 centaur zombies (Ossuary)
  2 orc priests (D:7)
  7 hounds
  3 human zombies (Ossuary)
  2 jellies
  An orc wizard (D:8)
  A bullfrog skeleton (D:7)
  3 centaur skeletons
  Terence (D:2)
  An iguana (D:8)
  8 worker ants
  A hound zombie (D:8)
  2 hound skeletons
  3 mummies (Ossuary)
  13 adders
  4 gnolls
  A shadow imp (D:5)
  2 oozes
  An adder skeleton (D:9)
  7 worms
  2 dart slugs (D:1)
  3 leopard geckos
  12 orcs
  5 giant cockroaches
  8 goblins
  7 hobgoblins
  18 jackals
  33 kobolds
  2 quokkas
  7 bats
  7 frilled lizards
  A giant cockroach zombie (D:6)
  A jackal skeleton (D:6)
  A quokka zombie (D:6)
  11 rats
227 creatures vanquished.

Vanquished Creatures (others)
  2 orcs (D:9)
2 creatures vanquished.

Grand Total: 229 creatures vanquished

Notes
Turn   | Place    | Note
-------+----------+-------------------------------------------
     0 | D:1      | robbits the Gnoll Berserker began the quest for the Orb.
     0 | D:1      | Reached XP level 1. HP: 23/23 MP: 1/1
    74 | D:1      | Reached XP level 2. HP: 29/29 MP: 2/2
   154 | D:1      | Reached XP level 3. HP: 9/35 MP: 3/3
   481 | D:1      | Reached ** piety under Trog
   485 | D:1      | Reached skill level 1 in Invocations
   752 | D:1      | Reached skill level 1 in Short Blades
   752 | D:1      | Reached skill level 1 in Long Blades
   752 | D:1      | Reached skill level 1 in Maces & Flails
   752 | D:1      | Reached skill level 1 in Polearms
   752 | D:1      | Reached skill level 1 in Staves
   752 | D:1      | Reached skill level 1 in Slings
   752 | D:1      | Reached skill level 1 in Bows
   752 | D:1      | Reached skill level 1 in Crossbows
   752 | D:1      | Reached skill level 1 in Throwing
   752 | D:1      | Reached skill level 1 in Stealth
   752 | D:1      | Reached skill level 1 in Shields
   752 | D:1      | Reached skill level 1 in Unarmed Combat
   752 | D:1      | Reached skill level 1 in Spellcasting
   752 | D:1      | Reached skill level 1 in Evocations
   974 | D:1      | Reached XP level 4. HP: 38/41 MP: 5/5
  1579 | D:2      | Reached skill level 1 in Conjurations
  1579 | D:2      | Reached skill level 1 in Hexes
  1579 | D:2      | Reached skill level 1 in Charms
  1579 | D:2      | Reached skill level 1 in Summonings
  1579 | D:2      | Reached skill level 1 in Necromancy
  1579 | D:2      | Reached skill level 1 in Translocations
  1579 | D:2      | Reached skill level 1 in Transmutations
  1579 | D:2      | Reached skill level 1 in Fire Magic
  1579 | D:2      | Reached skill level 1 in Ice Magic
  1579 | D:2      | Reached skill level 1 in Air Magic
  1579 | D:2      | Reached skill level 1 in Earth Magic
  1579 | D:2      | Reached skill level 1 in Poison Magic
  1647 | D:2      | Noticed Terence
  1657 | D:2      | Killed Terence
  1657 | D:2      | Reached *** piety under Trog
  1657 | D:2      | Reached XP level 5. HP: 34/47 MP: 5/7
  2875 | D:3      | Found a burning altar of Makhleb.
  2882 | D:3      | Reached XP level 6. HP: 35/53 MP: 8/8
  3080 | D:4      | Found a white marble altar of Elyvilon.
  3201 | D:4      | Reached skill level 5 in Armour
  3201 | D:4      | Reached skill level 5 in Dodging
  3827 | D:5      | Entered Level 5 of the Dungeon
  3849 | D:5      | Reached XP level 7. HP: 24/59 MP: 10/10
  4503 | D:5      | Found an iron altar of Okawaru.
  5012 | D:6      | Found an ancient bone altar of Kikubaaqudgha.
  5123 | D:6      | Reached XP level 8. HP: 53/67 MP: 12/12
  5187 | D:6      | Found Toebinix's Jewellery Shop.
  5686 | D:6      | Reached **** piety under Trog
  5694 | D:6      | Noticed Edmund
  5708 | D:6      | Killed Edmund
  6699 | D:7      | Received a gift from Trog
  6708 | D:7      | Noticed a spriggan baker
  6718 | D:7      | Killed a spriggan baker
  6718 | D:7      | Reached XP level 9. HP: 32/72 MP: 14/14
  7209 | D:7      | Found an iron altar of Okawaru.
  7278 | D:7      | Found a staircase to the Ecumenical Temple.
  7622 | D:7      | Found a shadowy altar of Dithmenos.
  7705 | D:7      | Found Fyghieng's General Store.
  7708 | D:7      | Bought a wand of paralysis (7) for 108 gold pieces
  7708 | D:7      | Bought a scroll of identify for 24 gold pieces
  7788 | D:8      | Noticed a cyclops
  7789 | D:8      | Noticed an eight-headed hydra
  7796 | D:8      | Killed an eight-headed hydra
  7800 | D:8      | Killed a cyclops
  7800 | D:8      | Reached skill level 5 in Invocations
  7811 | D:8      | Reached XP level 10. HP: 11/80 MP: 17/17
  7814 | D:8      | HP: 2/80 [water moccasin (7)]
  8088 | D:8      | Found a sand-covered staircase.
  8125 | Ossuary  | Entered an ossuary
  8157 | Ossuary  | Received a gift from Trog
  8290 | Ossuary  | Reached skill level 5 in Short Blades
  8290 | Ossuary  | Reached skill level 5 in Long Blades
  8290 | Ossuary  | Reached skill level 5 in Maces & Flails
  8290 | Ossuary  | Reached skill level 5 in Polearms
  8290 | Ossuary  | Reached skill level 5 in Staves
  8290 | Ossuary  | Reached skill level 5 in Slings
  8290 | Ossuary  | Reached skill level 5 in Bows
  8290 | Ossuary  | Reached skill level 5 in Crossbows
  8290 | Ossuary  | Reached skill level 5 in Throwing
  8290 | Ossuary  | Reached skill level 5 in Stealth
  8290 | Ossuary  | Reached skill level 5 in Shields
  8290 | Ossuary  | Reached skill level 5 in Unarmed Combat
  8290 | Ossuary  | Reached skill level 5 in Spellcasting
  8290 | Ossuary  | Reached skill level 5 in Evocations
  8747 | D:8      | Found the cursed +13 scythe of Curses {drain, *Curse}
  8747 | D:8      | Found the amulet of Vitality {Regen+ HP+15}
  8753 | D:8      | Identified the Collected Works on Flying Augmentations
  9023 | D:8      | Noticed Maurice
  9045 | D:8      | Killed Maurice
  9088 | D:8      | Reached ***** piety under Trog
  9177 | D:8      | Found a bloodstained altar of Trog.
  9412 | D:8      | Paralysed by a hornet for 2 turns
  9513 | D:8      | Found a stormy altar of Qazlal.
  9558 | D:8      | Found a snail-covered altar of Cheibriados.
  9736 | D:9      | HP: 4/97 [troll (11)]
  9738 | D:9      | Slain by a wolf

Skill      XL: |  1  2  3  4  5  6  7  8  9 10 |
---------------+-------------------------------+-----
Invocations    | 1 2 3 4 5 6 |  6.2
Short Blades   | 1 2 3 4 5 |  5.6
Long Blades    | 1 2 3 4 5 |  5.6
Maces & Flails | 1 2 3 4 5 |  5.6
Polearms       | 1 2 3 4 5 |  5.6
Staves         | 1 2 3 4 5 |  5.6
Slings         | 1 2 3 4 5 |  5.6
Bows           | 1 2 3 4 5 |  5.6
Crossbows      | 1 2 3 4 5 |  5.6
Throwing       | 1 2 3 4 5 |  5.6
Stealth        | 1 2 3 4 5 |  5.6
Shields        | 1 2 3 4 5 |  5.6
Unarmed Combat | 1 2 3 4 5 |  5.6
Spellcasting   | 1 2 3 4 5 |  5.6
Evocations     | 1 2 3 4 5 |  5.6
Conjurations   | 1 2 3 4 |  4.6
Hexes          | 1 2 3 4 |  4.6
Charms         | 1 2 3 4 |  4.6
Summonings     | 1 2 3 4 |  4.6
Necromancy     | 1 2 3 4 |  4.6
Translocations | 1 2 3 4 |  4.6
Transmutations | 1 2 3 4 |  4.6
Fire Magic     | 1 2 3 4 |  4.6
Ice Magic      | 1 2 3 4 |  4.6
Air Magic      | 1 2 3 4 |  4.6
Earth Magic    | 1 2 3 4 |  4.6
Poison Magic   | 1 2 3 4 |  4.6
Armour         | 5 6 7 |  7.3
Dodging        | 5 6 7 |  7.3
Fighting       | 7 8 |  8.7
Axes           | 7 8 |  8.7

Action                   |  1- 3 |  4- 6 |  7- 9 | 10-12 || total
-------------------------+-------+-------+-------+-------++-------
Melee: Hand axe          |    77 |   156 |       |       ||   233
       Bite              |     5 |    24 |    22 |    41 ||    92
       Punch             |       |     1 |     2 |     5 ||     8
       Quarterstaff      |       |    55 |   139 |       ||   194
       Flail             |       |       |    91 |   246 ||   337
Invok: Berserk           |     1 |     1 |     4 |     2 ||     8
       Trog's Hand       |       |       |       |     1 ||     1
  Use: Scroll            |       |     6 |    13 |     5 ||    24
       Potion            |       |       |     2 |     8 ||    10
 Stab: Sleeping          |     1 |     6 |     7 |    10 ||    24
  Eat: Chunk             |     1 |    10 |     7 |     5 ||    23
       Ration            |       |       |     3 |     1 ||     4
Armor: Animal skin       |    19 |    47 |    37 |       ||   103
       Ring mail         |       |       |    12 |    98 ||   110
Dodge: Dodged            |    58 |   130 |   171 |   209 ||   568
